 Dungeon Crawl Stone Soup version 0.21.1-1-g345015f (webtiles) character file.

37196 Monsterracer the Arsonist (level 13, -3/60 HPs)
             Began as a Felid Fire Elementalist on Feb 10, 2018.
             Was the Champion of Vehumet.
             Killed from afar by a shock serpent (14 damage)
             ... with a bolt of electricity
             ... on level 1 of the Snake Pit.
             The game lasted 01:12:45 (36579 turns).

Monsterracer the Arsonist (FeFE)                   Turns: 36579, Time: 01:12:45

Health: -3/60      AC:  6    Str:  4    XL:     13   Next: 57%
Magic:  25/37      EV: 28    Int: 21    God:    Vehumet [******]
Gold:   2210       SH:  0    Dex: 17    Spells: 1/32 levels left
                                        Lives:  0   Deaths: 4

rFire    . . .     SeeInvis +   (weapon unavailable)
rCold    + . .     Gourm    .   (shield unavailable)
rNeg     . . .     Faith    +   (armour unavailable)
rPois    .         Spirit   .   (helmet unavailable)
rElec    .         Reflect  .   (cloak unavailable)
rCorr    .         Harm     .   (gloves unavailable)
MR       +....                  (boots unavailable)
Stlth    +++++.....             t - amulet of faith
HPRegen  0.20/turn              f - ring of magical power
MPRegen  0.25/turn              j - +3 ring of protection (curse)

@: lethally poisoned (-3 -> -17), quick
A: very small, no armour, no weapons or thrown items, stealth, claws 1, fangs 3,
see invisible, carnivore, speed 1, shaggy fur 3, slow metabolism 1, sharp paws
a: Renounce Religion


You were on level 1 of the Snake Pit.
You worshipped Vehumet.
Vehumet was exalted by your worship.
You were not hungry.

You visited 5 branches of the dungeon, and saw 25 of its levels.
You also visited: Sewer.

You collected 2557 gold pieces.
You spent 347 gold pieces at shops.

Inventory:

Jewellery
 f - a ring of magical power (left paw)
 j - a cursed +3 ring of protection (right paw)
 r - an uncursed ring of ice
 t - an amulet of faith (around neck)
 A - an uncursed ring of protection from fire {!d}
 C - an uncursed ring of wizardry
 I - an uncursed ring of resist corrosion {!d}
Wands
 a - a wand of iceblast (19)
 d - a wand of paralysis (42)
 i - a wand of scattershot (8)
 u - a wand of acid (8)
 w - a wand of clouds (7)
 y - a wand of digging (9)
 H - a wand of flame (18)
Scrolls
 g - 8 scrolls of remove curse
 h - 10 scrolls of magic mapping {!r}
 l - a scroll of blinking
 m - 5 scrolls of teleportation
 q - 2 scrolls of fear {!r}
 s - 8 scrolls of identify
 x - a scroll of summoning {!r}
 z - 3 scrolls of fog
 J - a scroll of holy word
Potions
 b - a potion of mutation {!q}
 e - 2 potions of might
 k - 2 potions of brilliance
 n - 4 potions of curing
 o - 3 potions of agility
 p - 6 potions of flight
 B - a potion of heal wounds
 D - a potion of haste
 E - a potion of berserk rage {!q}
Books
 v - a book of Party Tricks

   Spells                             Type                      Level
   a - Summon Butterflies             Summoning                    1
   b - Apportation                    Translocation                1
   c - Lesser Beckoning               Translocation                3
   d - Tukima's Dance                 Hexes                        3
   e - Alistair's Intoxication        Transmutation/Poison         5
   f - Invisibility                   Hexes                        6
 F - a book of Power

   Spells                             Type                      Level
   a - Iskenderun's Battlesphere      Conjuration/Charms           5
   b - Venom Bolt                     Conjuration/Poison           5
   c - Bolt of Magma                  Conjuration/Fire/Earth       5
   d - Iron Shot                      Conjuration/Earth            6
   e - Orb of Destruction             Conjuration                  7
   f - Spellforged Servitor           Conjuration/Summoning        7
 G - a book of Minor Magic

   Spells                             Type                      Level
   a - Magic Dart                     Conjuration                  1
   b - Blink                          Translocation                2
   c - Call Imp                       Summoning                    2
   d - Slow                           Hexes                        2
   e - Conjure Flame                  Conjuration/Fire             3
   f - Mephitic Cloud                 Conjuration/Poison/Air       3
 K - a book of the Earth

   Spells                             Type                      Level
   a - Leda's Liquefaction            Hexes/Earth                  4
   b - Bolt of Magma                  Conjuration/Fire/Earth       5
   c - Statue Form                    Transmutation/Earth          6
   d - Iron Shot                      Conjuration/Earth            6
   e - Shatter                        Earth                        9
Comestibles
 c - 37 rations


   Skills:
 + Level 9.1 Fighting
 + Level 12.1 Dodging
 - Level 10.0 Stealth
 + Level 10.2 Spellcasting
 * Level 13.0 Conjurations
 - Level 5.0 Charms
 - Level 3.0 Summonings
 * Level 13.2 Fire Magic
 - Level 5.0 Earth Magic


You had one spell level left.
You knew the following spells:

 Your Spells              Type           Power        Failure   Level  Hunger
a - Bolt of Fire          Conj/Fire      ######....   1%          6    ######.
b - Conjure Flame         Conj/Fire      ######..     1%          3    None
c - Sticky Flame          Conj/Fire      ######..     1%          4    ##.....
d - Fireball              Conj/Fire      ######....   1%          5    ####...
f - Flame Tongue          Conj/Fire      #####        1%          1    None
g - Iskenderun's Battles  Conj/Chrm      #####...     1%          5    ####...
i - Iron Shot             Conj/Erth      #####.....   7%          6    ######.
v - Summon Butterflies    Summ           ###.....     1%          1    None


Dungeon Overview and Level Annotations

Branches:
Dungeon (15/15)            Temple (1/1) D:4            Lair (6/6) D:10
  Swamp (0/4) Lair:2        Snake (1/4) Lair:4        Slime (0/5) Lair:6
    Orc (2/2) D:10            Elf (0/3) Orc:2        Vaults (0/5) D:14
 Depths (0/5) D:15

Altars:
Ashenzari
Cheibriados
Dithmenos
Elyvilon
Fedhas
Gozag
Hepliaklqana
Kikubaaqudgha
Makhleb
Nemelex Xobeh
Okawaru
Qazlal
Ru
Sif Muna
Trog
Uskayaw
Vehumet
Wu Jian
Xom
Yredelemnul
Zin
The Shining One
Beogh
Jiyva

Shops:
D:5 !   D:6 :   D:7 ((?}   D:13 (   Orc:2 (*:([

Annotations:
D:4 2 runed doors, exclusion: 2 doors
Snake:1 2 transporters


Innate Abilities, Weirdness & Mutations

You cannot wear armour.
You are incapable of wielding weapons or throwing items.
Your paws allow you to move quietly. (Stealth)
You have sharp claws.
You have razor-sharp teeth.
You have supernaturally acute eyesight. (SInv)
You are carnivorous and can eat meat at any time.
You cover ground quickly.
Your thick and shaggy fur keeps you warm. (AC +3, rC+)
You have a slow metabolism.
Your sharp claws are effective at attacking unaware monsters.


Message History

Aiming: Iron Shot
Press: ? - help, Shift-Dir - straight line, f/p - Roxanne
Aim: Roxanne (almost destroyed)
The iron shot hits Roxanne.
You destroy Roxanne!
Vehumet accepts your kill.
You feel your power returning.
Your Conjurations skill increases to level 13!
K - a book of the Earth
Okay, then.
Okay, then.
Unknown command.
Okay, then.
Magic restored.
A naga warrior comes into view. It is wielding a scimitar of slicing.
MP restored: 37 A naga warrior is nearby!
A naga warrior is nearby!
Casting: Iron Shot
Confirm with . or Enter, or press ? or * to list all spells.
Aiming: Bolt of Fire
Press: ? - help, Shift-Dir - straight line, f - naga warrior
Aim: a naga warrior, wielding a scimitar of slicing and wearing a shield (resting)
The bolt of fire hits the naga warrior.
The naga warrior is moderately wounded.
The naga warrior shouts!
Casting: Bolt of Fire
Confirm with . or Enter, or press ? or * to list all spells.
Aiming: Bolt of Fire
Press: ? - help, Shift-Dir - straight line, f/p - naga warrior
Aim: a naga warrior, wielding a scimitar of slicing and wearing a shield (moderately wounded)
The bolt of fire hits the naga warrior.
The naga warrior is severely wounded.
You are feeling hungry.
Casting: Bolt of Fire
Confirm with . or Enter, or press ? or * to list all spells.
Aiming: Bolt of Fire
Press: ? - help, Shift-Dir - straight line, f/p - naga warrior
Aim: a naga warrior, wielding a scimitar of slicing and wearing a shield (severely wounded)
The bolt of fire hits the naga warrior.
The naga warrior is almost dead.
You are feeling very hungry.
You now have 19/37 mp.
Casting: Bolt of Fire
Confirm with . or Enter, or press ? or * to list all spells.
Aiming: Bolt of Fire
Press: ? - help, Shift-Dir - straight line, f/p - naga warrior
Aim: a naga warrior, wielding a scimitar of slicing and wearing a shield (almost dead)
The bolt of fire hits the naga warrior.
You kill the naga warrior!
Vehumet accepts your kill.
You feel your power returning.
Things that are here:
a scimitar of slicing; a shield; a naga corpse; MP restored: 37
Found a robe.
A black mamba comes into view.
Casting: Bolt of Fire
Confirm with . or Enter, or press ? or * to list all spells.
You can't see any susceptible monsters within range! (Use Z to cast anyway.)
The black mamba hisses angrily.
Found a transporter.
A shock serpent comes into view.
The black mamba bites you!
You take 17 damage, and have 43/60 hp.
MASSIVE DAMAGE!!
Casting: Bolt of Fire
Confirm with . or Enter, or press ? or * to list all spells.
Aiming: Bolt of Fire
Press: ? - help, Shift-Dir - straight line, f - shock serpent
Aim: a shock serpent (hasn't noticed you)
The bolt of fire hits the black mamba.
The black mamba is heavily wounded.
The bolt of fire misses the shock serpent.
You are near starving!
The black mamba misses you. The black mamba bites you!!
* * * LOW HITPOINT WARNING * * *
You are poisoned.
The black mamba poisons you!
You take 18 damage, and have 25/60 hp.
MASSIVE DAMAGE!!
You now have 31/37 mp.
Casting: Bolt of Fire
Confirm with . or Enter, or press ? or * to list all spells.
Aiming: Bolt of Fire
Press: ? - help, Shift-Dir - straight line, f/p - shock serpent
Aim: a shock serpent The bolt of fire hits the black mamba.
You kill the black mamba!
Vehumet accepts your kill.
The bolt of fire hits the shock serpent.
The shock serpent is severely wounded.
You are starving!
The shock serpent's electric aura discharges, shocking you!
* * * LOW HITPOINT WARNING * * *
* * * LOW HITPOINT WARNING * * *
You feel sick.
You take 13 damage, and have 12/60 hp.
MASSIVE DAMAGE!!
You now have 25/37 mp.
You eat one of the 38 rations.
That ration really hit the spot!
* * * LOW HITPOINT WARNING * * *
You feel sick.
The shock serpent shoots out a bolt of lightning at you!
The bolt of electricity hits you!
You die...

#...####
#####.......
##...#..)..##
#####......#...#
#
##........###...#
#. #..########
##### #.##.###
##......#
#....@..#
...[...†..#
.......S#...#
..#.........# .
##........#
##.#.....##
....#..©###
.........###


You could see a shock serpent.

Vanquished Creatures
  Kirke (Lair:5)
  Roxanne (Snake:1)
  A stone giant (Orc:2)
  3 ettins (Orc:2)
  Josephine (D:15)
  Erolcha (D:10)
  Fannar (D:10)
  A naga warrior (Snake:1)
  10 hydras
  Erica (Lair:1)
  5 two-headed ogres
  4 centaur warriors
  A death yak (Lair:6)
  A queen ant (Lair:3)
  An orc high priest (Orc:1)
  2 tengu warriors
  A shock serpent (Lair:4)
  A sixfirhy (Lair:6)
  An unseen horror (D:15)
  A naga ritualist (Snake:1)
  2 orc knights
  A wizard (Lair:6)
  A lindwurm (D:14)
  A necromancer (D:14)
  5 orc sorcerers
  A deep elf mage (D:15)
  An ugly thing (D:11)
  9 cyclopes
  3 manticores
  A naga mage (Snake:1)
  Joseph (D:8)
  5 black mambas
  14 elephants
  9 spiny frogs
  4 rime drakes
  A freezing wraith (D:15)
  6 komodo dragons
  A yaktaur (D:15)
  7 trolls
  3 tengu conjurers
  2 tyrant leeches (Lair:2)
  A polar bear (Lair:5)
  A meliai (shapeshifter) (D:11)
  A hornet (D:13)
  6 dream sheep
  5 slime creatures (D:15)
  15 blink frogs
  14 hippogriffs
  2 shadows
  2 wyverns
  A vampire (D:15)
  6 wraiths
  48 yaks
  2 basilisks
  2 hungry ghosts
  4 hogs
  2 vampire mosquitoes (D:15)
  2 wargs
  4 nagas
  2 acid dragons
  5 soldier ants
  8 water moccasins
  5 porcupines
  A hell hound (Lair:6)
  A sky beast (D:11)
  22 orc warriors
  4 ice beasts
  3 black bears
  An eye of draining (shapeshifter) (D:14)
  3 phantoms
  10 ogres
  An eye of draining (D:7)
  A necrophage (D:8)
  8 wolves
  14 centaurs
  10 crocodiles
  5 big kobolds
  14 bullfrogs
  A gnoll sergeant (D:5)
  A wyvern zombie (D:13)
  5 scorpions
  A water moccasin skeleton (D:5)
  14 killer bees
  14 wights
  2 electric eels (D:7)
  11 crimson imps
  3 centaur zombies
  A quasit (D:13)
  A bullfrog zombie (D:9)
  6 hounds
  6 jellies
  19 orc priests
  6 centaur skeletons
  4 bullfrog skeletons
  Jessica (D:8)
  3 iguanas
  28 orc wizards
  18 worker ants
  2 hound skeletons (D:10)
  2 worker ant zombies
  7 gnolls
  21 adders
  A howler monkey skeleton (D:4)
  2 shadow imps
  2 oozes
  5 worms
  6 dart slugs
  5 leopard geckos
  98 orcs
  9 bats
  7 giant cockroaches
  9 hobgoblins
  13 jackals
  20 kobolds
  6 quokkas
  6 ball pythons
  4 frilled lizards
  7 goblins
  A jackal skeleton (D:7)
  A quokka skeleton (D:4)
  A quokka zombie (D:6)
  4 rats
  5 fungi
  2 plants (Lair:2)
744 creatures vanquished.

Vanquished Creatures (others)
  A wyvern (D:10)
  25 fungi
  16 plants
42 creatures vanquished.

Grand Total: 786 creatures vanquished

Notes
Turn   | Place    | Note
-------+----------+-------------------------------------------
     0 | D:1      | Monsterracer the Felid Fire Elementalist began the quest for the Orb.
     0 | D:1      | Reached XP level 1. HP: 7/7 MP: 4/4
    21 | D:1      | Reached skill level 1 in Conjurations
   252 | D:1      | Reached XP level 2. HP: 11/11 MP: 3/6
   699 | D:1      | Reached XP level 3. HP: 14/14 MP: 4/7
   704 | D:1      | Learned a level 3 spell: Conjure Flame
  1340 | D:2      | Reached XP level 4. HP: 15/18 MP: 0/8
  1625 | D:2      | HP: 8/18 [adder (4)]
  1813 | D:2      | Learned a level 4 spell: Sticky Flame
  1918 | D:2      | Reached XP level 5. HP: 16/21 MP: 3/10
  2421 | D:2      | Found a blossoming altar of Fedhas.
  2705 | D:3      | HP: 3/21 [cloud of steam (12)]
  3188 | D:3      | Found a sparkling altar of Nemelex Xobeh.
  3572 | D:3      | Found a bloodstained altar of Trog.
  3957 | D:4      | Found a staircase to the Ecumenical Temple.
  3964 | Temple   | Entered the Ecumenical Temple
  3978 | Temple   | Became a worshipper of Vehumet
  4078 | D:4      | Gained mutation: You are covered in thick fur. (AC +2) [Felid growth]
  4078 | D:4      | Reached XP level 6. HP: 24/24 MP: 11/11
  4145 | D:4      | HP: 12/24 [poisoned by a worker ant]
  4150 | D:4      | HP: 8/24 [poisoned by a worker ant]
  4156 | D:4      | HP: 3/24 [poisoned by a worker ant]
  4156 | D:4      | Slain by a phantom
  4157 | D:4      | Reached XP level 5. HP: -5/21 MP: 4/19
  4157 | D:4      | Found a large runed door.
  4157 | D:4      | Found a large runed door.
  4162 | D:4      | Noticed an unseen horror
  4162 | D:4      | Noticed a hippogriff
  4196 | D:4      | HP: 8/21 [phantom (7)]
  4220 | D:4      | Killed a phantom
  4406 | D:4      | Found a large runed door.
  4406 | D:4      | Found a large runed door.
  4477 | D:4      | Reached XP level 6. HP: 22/24 MP: 12/12
  4810 | D:4      | Reached skill level 5 in Fire Magic
  4833 | D:4      | HP: 12/24 [poisoned by a scorpion]
  4838 | D:4      | HP: 9/24 [poisoned by a scorpion]
  4844 | D:4      | HP: 7/24 [poisoned by a scorpion]
  4852 | D:4      | HP: 5/24 [poisoned by a scorpion]
  4860 | D:4      | HP: 4/24 [poisoned by a scorpion]
  5545 | D:5      | Entered Level 5 of the Dungeon
  5570 | D:5      | Reached XP level 7. HP: 27/27 MP: 13/13
  5581 | D:5      | Learned a level 5 spell: Fireball
  5639 | D:5      | Reached * piety under Vehumet
  5639 | D:5      | Offered knowledge of Magic Dart by Vehumet.
  5876 | D:5      | Reached skill level 5 in Conjurations
  5899 | D:5      | Learned a level 1 spell: Magic Dart
  6147 | D:5      | Found a glowing drain.
  6152 | Sewer    | Entered a sewer
  6813 | D:5      | Offered knowledge of Shock by Vehumet.
  7022 | D:5      | HP: 10/27 [centaur/arrow (8)]
  7023 | D:5      | Reached XP level 8. HP: 11/31 MP: 10/15
  7278 | D:5      | Found an opulent altar of Gozag.
  7279 | D:5      | Found a burning altar of Makhleb.
  7279 | D:5      | Found a shimmering altar of Xom.
  7280 | D:5      | Found an ancient bone altar of Kikubaaqudgha.
  7290 | D:5      | Reached ** piety under Vehumet
  7562 | D:5      | Found Aduvicse's Distillery.
  8313 | D:6      | Found Ymaa's Book Emporium.
  8406 | D:6      | Found a stormy altar of Qazlal.
  8616 | D:7      | Reached skill level 5 in Stealth
  8725 | D:7      | Found a shadowy altar of Dithmenos.
  8726 | D:7      | Offered knowledge of Dazzling Spray by Vehumet.
  8770 | D:7      | Found Wuilubbo's Magic Scroll Shoppe.
  8778 | D:7      | Bought a scroll of remove curse for 39 gold pieces
  8985 | D:7      | Found Fuefet's Antique Weapon Shop.
  9230 | D:7      | Reached skill level 5 in Dodging
  9230 | D:7      | Reached XP level 9. HP: 31/34 MP: 14/17
  9320 | D:7      | Found Yteah's Weapon Shop.
  9362 | D:7      | Reached *** piety under Vehumet
  9395 | D:7      | Reached skill level 5 in Spellcasting
  9576 | D:7      | Found Erosse Hiff's Gadget Boutique.
  9628 | D:7      | Found a sacrificial altar of Ru.
  9871 | D:7      | Reached skill level 1 in Fighting
 10392 | D:8      | Offered knowledge of Mephitic Cloud by Vehumet.
 10716 | D:8      | HP: 17/36 [centaur/uncursed spear (3)]
 10921 | D:8      | Reached XP level 10. HP: 40/40 MP: 19/19
 10943 | D:8      | Noticed a red ugly thing
 11196 | D:8      | Noticed a two-headed ogre
 11200 | D:8      | Noticed Joseph
 11209 | D:8      | Killed a two-headed ogre
 11213 | D:8      | HP: 14/41 [Joseph/uncursed quarterstaff (12)]
 11215 | D:8      | Killed Joseph
 11585 | D:8      | Reached **** piety under Vehumet
 11672 | D:8      | Found a shattered altar of Ashenzari.
 11981 | D:8      | Noticed Jessica
 11984 | D:8      | Killed Jessica
 11994 | D:8      | Found a deep blue altar of Sif Muna.
 12321 | D:9      | Offered knowledge of Ignite Poison by Vehumet.
 12976 | D:9      | Found a glowing golden altar of the Shining One.
 13473 | D:10     | Entered Level 10 of the Dungeon
 13480 | D:10     | Found a staircase to the Lair.
 13683 | D:10     | Found a roughly hewn altar of Beogh.
 13683 | D:10     | Found a staircase to the Orcish Mines.
 13683 | D:10     | Noticed an orc knight
 13701 | D:10     | Killed an orc knight
 13701 | D:10     | Reached ***** piety under Vehumet
 13701 | D:10     | Reached XP level 11. HP: 39/46 MP: 3/21
 13826 | D:10     | Offered knowledge of Iskenderun's Battlesphere by Vehumet.
 13844 | D:10     | Learned a level 5 spell: Iskenderun's Battlesphere
 14293 | D:10     | Noticed Fannar
 14302 | D:10     | Killed Fannar
 14302 | D:10     | Reached skill level 1 in Charms
 14841 | D:10     | Noticed Erolcha
 14843 | D:10     | HP: 15/46 [Erolcha/fireball (31)]
 15108 | D:11     | Noticed a death knight
 15108 | D:11     | Noticed a phantasmal warrior
 15130 | D:10     | HP: 4/46 [Erolcha/fireball (25)]
 15439 | D:10     | Killed Erolcha
 15777 | Lair:1   | Entered Level 1 of the Lair of Beasts
 16380 | Lair:1   | HP: 23/46 [poisoned by a water moccasin]
 16387 | Lair:1   | HP: 22/46 [poisoned by a water moccasin]
 16395 | Lair:1   | HP: 22/46 [poisoned by a water moccasin]
 16752 | Lair:1   | Learned a level 1 spell: Summon Butterflies
 16906 | Lair:1   | Noticed Erica
 16916 | Lair:1   | Killed Erica
 16916 | Lair:1   | Reached skill level 5 in Fighting
 17410 | Lair:2   | Noticed a seven-headed hydra
 17723 | Lair:2   | Noticed a four-headed hydra
 17738 | Lair:2   | Killed a four-headed hydra
 17738 | Lair:2   | Reached skill level 1 in Summonings
 17738 | Lair:2   | Reached skill level 10 in Fire Magic
 17738 | Lair:2   | Gained mutation: Your thick and shaggy fur keeps you warm. (AC +3, rC+) [Felid growth]
 17738 | Lair:2   | Reached XP level 12. HP: 51/51 MP: 19/23
 17971 | Lair:2   | HP: 21/51 [wolf (6)]
 18308 | Lair:2   | Killed a seven-headed hydra
 18689 | Lair:2   | Found a staircase to the Swamp.
 18912 | Lair:3   | Reached skill level 10 in Stealth
 18931 | Lair:3   | Reached skill level 10 in Conjurations
 19144 | Lair:3   | Noticed a queen ant
 19371 | Lair:3   | Killed a queen ant
 19738 | Lair:3   | Offered knowledge of Iron Shot by Vehumet.
 20260 | Lair:4   | Noticed a four-headed hydra
 20265 | Lair:4   | Killed a four-headed hydra
 20695 | Lair:4   | Learned a level 6 spell: Iron Shot
 20703 | Lair:4   | Found a staircase to the Snake Pit.
 20711 | Lair:4   | Reached skill level 5 in Charms
 21168 | Lair:5   | Noticed a four-headed hydra
 21176 | Lair:5   | Killed a four-headed hydra
 21180 | Lair:5   | Reached skill level 1 in Earth Magic
 21480 | Lair:5   | Reached XP level 13. HP: 48/55 MP: 11/25
 21661 | Lair:5   | Noticed Kirke
 21664 | Lair:5   | HP: 22/56 [lindwurm/blast of flame[Kirke] (12)]
 21725 | Lair:6   | Entered Level 6 of the Lair of Beasts
 22060 | Lair:6   | Found a staircase to the Slime Pits.
 22061 | Lair:6   | Found a viscous altar of Jiyva.
 22117 | Lair:6   | HP: 19/56 [elephant (17)]
 22123 | Lair:6   | HP: 18/56 [elephant (2)]
 22124 | Lair:6   | Reached skill level 10 in Dodging
 22128 | Lair:6   | HP: 1/56 [rime drake/flash freeze (18)]
 22189 | Lair:6   | HP: 5/56 [water moccasin (7)]
 22191 | Lair:6   | Slain by an elephant
 22192 | Lair:6   | Reached XP level 12. HP: -3/53 MP: 1/33
 22312 | Lair:5   | Killed Kirke
 23047 | Lair:6   | HP: 26/53 [poisoned by a black mamba]
 23053 | Lair:6   | HP: 24/53 [poisoned by a black mamba]
 23059 | Lair:6   | HP: 23/53 [poisoned by a black mamba]
 23067 | Lair:6   | HP: 22/53 [poisoned by a black mamba]
 23432 | Lair:6   | HP: 20/53 [blink frog (18)]
 23845 | Lair:6   | Offered knowledge of Poison Arrow by Vehumet.
 23994 | Lair:6   | Noticed an eight-headed hydra
 23998 | Lair:6   | Killed an eight-headed hydra
 24011 | Lair:6   | Noticed a five-headed hydra
 24014 | Lair:6   | Noticed a death yak
 24020 | Lair:6   | Killed a five-headed hydra
 24020 | Lair:6   | Reached XP level 13. HP: 57/57 MP: 16/26
 24409 | Lair:6   | HP: 21/57 [rime drake/flash freeze (15)]
 25034 | Lair:6   | HP: 24/57 [hell hound (7)]
 25037 | Lair:6   | HP: 8/57 [hell hound/blast of flame (17)]
 25047 | Lair:6   | HP: 16/57 [hell hound/blast of flame (15)]
 25289 | Orc:1    | Entered Level 1 of the Orcish Mines
 25884 | Orc:1    | Found a roughly hewn altar of Beogh.
 25975 | Orc:2    | Entered Level 2 of the Orcish Mines
 25975 | Orc:2    | Found a staircase to the Elven Halls.
 26003 | Orc:2    | Noticed an ettin
 26018 | Orc:2    | Killed an ettin
 26213 | Orc:2    | Found Wumubayn's General Store.
 26213 | Orc:2    | Noticed an ettin
 26435 | Orc:2    | Hit by a large rock thrown by a cyclops
 26436 | Orc:2    | Reached XP level 12. HP: -2/55 MP: 3/34
 26623 | Orc:2    | Noticed an ettin
 26647 | Orc:2    | Killed an ettin
 26778 | Orc:2    | Noticed a two-headed ogre
 26781 | Orc:2    | Killed a two-headed ogre
 26798 | Orc:2    | Killed an ettin
 27127 | Orc:2    | Found Mics's Antique Weapon Shoppe.
 27170 | Orc:2    | Bought an uncursed ring of protection from fire for 275 gold pieces
 27170 | Orc:2    | Bought a scroll of teleportation for 33 gold pieces
 27181 | Orc:2    | Noticed a stone giant
 27187 | Orc:2    | Killed a stone giant
 27187 | Orc:2    | Reached XP level 13. HP: 41/58 MP: 11/26
 27679 | Orc:2    | Found Deivugh's Book Shoppe.
 27702 | Orc:2    | Found Pestyimo's Antique Weapon Shop.
 27733 | Orc:2    | Found Ubill's Antique Armour Boutique.
 28138 | D:11     | Offered knowledge of Bolt of Fire by Vehumet.
 29587 | D:12     | HP: 24/58 [orc priest/divine providence (13)]
 29782 | D:12     | Learned a level 6 spell: Bolt of Fire
 30569 | D:12     | Offered knowledge of Bolt of Cold by Vehumet.
 30569 | D:12     | HP: 24/58 [shot self (26)]
 32774 | D:13     | Found Qeakk's Antique Weapon Boutique.
 32920 | D:14     | Found a shadowy altar of Dithmenos.
 33051 | D:14     | Found a blossoming altar of Fedhas.
 33106 | D:14     | Reached skill level 5 in Earth Magic
 33869 | D:14     | Found a gate to the Vaults.
 33905 | D:15     | Entered Level 15 of the Dungeon
 34124 | D:15     | Reached XP level 14. HP: 60/63 MP: 9/28
 34523 | D:15     | Reached ****** piety under Vehumet
 34538 | D:15     | HP: 24/63 [shot self (19)]
 34881 | D:15     | Noticed Josephine
 34887 | D:15     | HP: 12/63 [Josephine/ghostly fireball (24)]
 34888 | D:15     | Killed Josephine
 35148 | D:15     | Reached skill level 10 in Spellcasting
 35687 | D:15     | Found a staircase to the Depths.
 35700 | D:15     | Noticed a fire giant
 35715 | D:15     | HP: 17/63 [fire giant/great sword of flaming (25)]
 35993 | Snake:1  | Entered Level 1 of the Snake Pit
 36072 | Lair:4   | HP: 27/63 [shock serpent/electric aura (8)]
 36073 | Lair:4   | Killed from afar by a shock serpent
 36074 | Lair:4   | Reached XP level 13. HP: -2/60 MP: 20/37
 36155 | Snake:1  | Found a transporter.
 36175 | Snake:1  | Noticed Roxanne
 36177 | Snake:1  | HP: 18/60 [Roxanne/iron shot (42)]
 36391 | Snake:1  | Killed Roxanne
 36575 | Snake:1  | Found a transporter.
 36577 | Snake:1  | HP: 25/60 [black mamba (18)]
 36578 | Snake:1  | HP: 12/60 [poisoned by a black mamba]
 36579 | Snake:1  | Killed from afar by a shock serpent

Skill      XL: |  1  2  3  4  5  6  7  8  9 10 11 12 13 14 |
---------------+-------------------------------------------+-----
Conjurations   | 1 2 4 5 6 7 8 9 12 13 | 13.0
Fire Magic     | 3 4 5 6 7 9 10 12 13 | 13.2
Spellcasting   | 3 4 5 6 7 8 9 10 | 10.2
Dodging        | 3 5 6 7 8 11 10 12 | 12.1
Stealth        | 4 5 6 8 9 10 | 10.0
Fighting       | 2 4 5 7 9 |  9.1
Charms         | 3 5 |  5.0
Summonings     | 1 3 |  3.0
Earth Magic    | 3 5 |  5.0

Action                   |  1- 3 |  4- 6 |  7- 9 | 10-12 | 13-15 || total
-------------------------+-------+-------+-------+-------+-------++-------
Melee: Unarmed           |     5 |     5 |    34 |    38 |    96 ||   178
       Bite              |     1 |     1 |     7 |     1 |    17 ||    27
 Cast: Flame Tongue      |    61 |   177 |   234 |   439 |   242 ||  1153
       Conjure Flame     |       |     5 |     6 |    10 |     4 ||    25
       Sticky Flame      |       |     8 |    15 |    55 |    74 ||   152
       Magic Dart        |       |       |    56 |    23 |       ||    79
       Fireball          |       |       |    11 |   207 |   121 ||   339
       Iskenderun's Batt |       |       |       |    22 |     5 ||    27
       Bolt of Fire      |       |       |       |       |   133 ||   133
       Iron Shot         |       |       |       |       |    18 ||    18
       Summon Butterflie |       |       |       |       |     2 ||     2
  Use: Potion            |       |     1 |       |       |     3 ||     4
       Scroll            |       |     8 |    10 |     5 |     8 ||    31
 Stab: Sleeping          |       |       |     1 |       |       ||     1
  Eat: Chunk             |     8 |    13 |    19 |    92 |    89 ||   221
       Ration            |       |       |       |       |     3 ||     3
Armor: Skin              |     2 |     7 |    12 |     8 |    11 ||    40
Dodge: Dodged            |    21 |    54 |    99 |   260 |   397 ||   831

Vault maps used:
D:1:      saegor_arrival_simple_c, minmay_heptomino_w4
D:2:      marbit_many_paths, first_ration, grunt_ministairs_8
D:3:      wad_lake_hut, lightli_temple_of_fire, nemelex_diamond_rough_becter
D:4:      temple_green, minmay_hollow_rounded_squares
D:5:      chequers_temple_overflow_statue_of_worship, gup_sewer_entry_bowl,
          serial_shops, nicolae_shop_trees
D:6:      nicolae_qazlal_eye_of_the_storm, serial_shops, kennysheep_little_box
D:7:      nicolae_overflow_crystal_walls, nicolae_ru_path_of_blood,
          serial_shops, shop, shop, nicolae_shop_crystal, shop, minivault_4
D:8:      nicolae_ashenzari_panopticon, tgw_sif, uniq_joseph
D:9:      kennysheep_mini
D:10:     lair_entry_dummy, david_orc_5, uniq_fannar, uniq_erolcha
D:12:     hangedman_ranch
D:13:     serial_shops, shop
D:14:     david_vaults_4, fedhas_altar_3, nicolae_dithmenos_the_darkroom
D:15:     grunt_enter_depths_giant_problem, nicolae_two_hexagons, uniq_josephine
Temple:   zaba_magenta_temple
Lair:1:   uniq_erica
Lair:2:   minmay_swamp_entry_worms
Lair:3:   wad_woods_antlair
Lair:4:   minmay_snake_entry_guardpost_small, minivault_11, grunt_megastairs_2
Lair:5:   uniq_kirke
Lair:6:   evil_forest, slime_altar_1
Snake:1:  gammafunk_its_a_trap, serial_shops, nicolae_shop_behind_doors,
          uniq_roxanne
Orc:1:    bh_open_orc_temple
Orc:2:    grunt_orc_gardens, grunt_orc_garden, grunt_orc_garden,
          grunt_orc_garden, grunt_orc_garden, serial_shops, shop_coins,
          mines4_lemuel
Sewer:    sewer_co_scattered_pipes
